Workbook

Sheet Orçamento
A1: INCLUIR LOGOTIPO DA EMPRESA
A6: DADOS DA EMPRESA
A7: DADOS DA EMPRESA
A8: DADOS DA EMPRESA
A9: Planilha de Orçamento - GLOBAL
A11: Obra : CSA 001/2026 – Cobertura dos passeios - Câmpus Sapiranga | F11: Endereço: Rua Carlos Gilberto Weis, número 155, próximo ao Km 25 da Rodovia RS-239
A12: Cliente: Instituto Federal Sul-Rio-Grandense | F12: Cidade: Sapiranga - RS | J12: BDI = | K12: 0 | L12: 45609
A13: Item/Descrição | B13: Qtd. | C13: Un | D13: Mão-de-Obra | F13: Material | H13: Custo Unit. Total | I13: Custo Direto | J13: BDI | L13: Sub-Total do Item | M13: Total do Item
D14: Custo Unitário | E14: Custo Parcial | F14: Custo Unitário | G14: Custo Parcial | J14: Valor | K14: %
A16: 2. SERVIÇOS PRELIMINARES | M16: =SUM(L17:L34) -> 0
A17: 2. 5. INSTALAÇÕES DE CAINTEIRO DE OBRAS
A18: 2. 5. 1. BARRACÕES
A19: .1 TRANSPORTE CONTAINER (ENTREGA E RETIRADA) | B19: 2 | C19: UN | E19: =D19*B19 -> 0 | G19: =F19*B19 -> 0 | H19: =D19+F19 -> 0 | I19: =H19*B19 -> 0 | J19: =K19*I19 -> 0 | K19: =$K$12 -> 0 | L19: =J19+I19 -> 0
A20: .2 LOCACAO DE CONTAINER 2,30 X 6,00 M, ALT. 2,50 M, COM SANITARIO, PARA ESCRITORIO, SEM DIVISORIAS INTERNAS (NAO INCLUI MOBILIZACAO/DESMOBILIZACAO) | B20: 6 | C20: ME | E20: =D20*B20 -> 0 | G20: =F20*B20 -> 0 | H20: =D20+F20 -> 0 | I20: =H20*B20 -> 0 | J20: =K20*I20 -> 0 | K20: =$K$12 -> 0 | L20: =J20+I20 -> 0
A21: .3 LOCACAO DE CONTAINER 2,30 X 6,00 M, ALT. 2,50 M, PARA ESCRITORIO, SEM DIVISORIASINTERNAS E SEM SANITARIO (NAO INCLUI MOBILIZACAO/DESMOBILIZACAO) | B21: 6 | C21: ME | E21: =D21*B21 -> 0 | G21: =F21*B21 -> 0 | H21: =D21+F21 -> 0 | I21: =H21*B21 -> 0 | J21: =K21*I21 -> 0 | K21: =$K$12 -> 0 | L21: =J21+I21 -> 0
A22: 2. 6. TAPUMES | K22: =$K$12 -> 0
A23: 2.6.5 CONES DE SINALIZAÇÃO | K23: =$K$12 -> 0
A24: .1 SINALIZAÇÃO C/ FITA AMARELA/PRETA FIXADA EM CONE PLÁSTICOLAR | B24: 40 | C24: M | E24: =D24*B24 -> 0 | G24: =F24*B24 -> 0 | H24: =D24+F24 -> 0 | I24: =H24*B24 -> 0 | J24: =K24*I24 -> 0 | K24: =$K$12 -> 0 | L24: =J24+I24 -> 0
A25: .2 CONE DE SINALIZACAO EM PVC FLEXIVEL, H = 70 / 76 CM (NBR 15071) | B25: 6 | C25: UN | E25: =D25*B25 -> 0 | G25: =F25*B25 -> 0 | H25: =D25+F25 -> 0 | I25: =H25*B25 -> 0 | J25: =K25*I25 -> 0 | K25: =$K$12 -> 0 | L25: =J25+I25 -> 0
A26: 2. 7. PLACA DE IDENTIFICAÇÃO DA OBRA | K26: =$K$12 -> 0
A27: .1 PLACA DE OBRA INSTALADA (lona night n´day, em estrutura de madeira) | B27: 2.03 | C27: M2 | E27: =D27*B27 -> 0 | G27: =F27*B27 -> 0 | H27: =D27+F27 -> 0 | I27: =H27*B27 -> 0 | J27: =K27*I27 -> 0 | K27: =$K$12 -> 0 | L27: =J27+I27 -> 0
A28: 2. 8. DEMOLIÇÕES E REMOÇÕES | K28: =$K$12 -> 0
A29: 2. 8. 3. REMOÇÃO DE ESQUADRIAS DE ALUMÍNIO
A30: .1 RETIRADA DE ESQUADRIAS | B30: 39.6 | C30: M2 | E30: =D30*B30 -> 0 | G30: =F30*B30 -> 0 | H30: =D30+F30 -> 0 | I30: =H30*B30 -> 0 | J30: =K30*I30 -> 0 | K30: =$K$12 -> 0 | L30: =J30+I30 -> 0
A31: 2. 8.14. DEMOLIÇÃO DE CONTRAPISO | K31: =$K$12 -> 0
A32: .1 DEMOLICAO CONTRAPISO CONCRETO SIMPLES 8CM | B32: 15 | C32: M2 | E32: =D32*B32 -> 0 | G32: =F32*B32 -> 0 | H32: =D32+F32 -> 0 | I32: =H32*B32 -> 0 | J32: =K32*I32 -> 0 | K32: =$K$12 -> 0 | L32: =J32+I32 -> 0
A33: 2. 8.43. REMOÇÃO DE PLACAS PRÉ MOLDADAS DE CONCRETO | K33: =$K$12 -> 0
A34: .1 REMOÇÃO DE PLACAS DE CONCRETO PRÉ-MOLDADAS | B34: 10 | C34: M2 | E34: =D34*B34 -> 0 | G34: =F34*B34 -> 0 | H34: =D34+F34 -> 0 | I34: =H34*B34 -> 0 | J34: =K34*I34 -> 0 | K34: =$K$12 -> 0 | L34: =J34+I34 -> 0
A35: 3. MOVIMENTOS DE TERRA | M35: =SUM(L36:L40) -> 0
A36: 3. 1. ESCAVAÇÕES | K36: =$K$12 -> 0
A37: .1 ESCAVACAO MANUAL DE SOLO DE 1A. ATE 1,50M | B37: 12 | C37: M3 | E37: =D37*B37 -> 0 | G37: =F37*B37 -> 0 | H37: =D37+F37 -> 0 | I37: =H37*B37 -> 0 | J37: =K37*I37 -> 0 | K37: =$K$12 -> 0 | L37: =J37+I37 -> 0
A38: 3. 2. ATERROS | K38: =$K$12 -> 0
A39: 3. 2. 1. NIVELAMENTO E COMPACTAÇÃO DO TERRENO | K39: =$K$12 -> 0
A40: .1 REATERRO / MATERIAL DA VALA-COMPACTACAO MECANICA | B40: 12 | C40: M3 | E40: =D40*B40 -> 0 | G40: =F40*B40 -> 0 | H40: =D40+F40 -> 0 | I40: =H40*B40 -> 0 | J40: =K40*I40 -> 0 | K40: =$K$12 -> 0 | L40: =J40+I40 -> 0
A41: 4. FUNDAÇÕES | M41: =SUM(L42:L51) -> 0
A42: 4. 1. ESTACAS
A43: 4. 1.2. MICROESTACA
A44: .1 ESTACA A TRADO (BROCA) DIAMETRO 30CM EM CONCRETO ARMADO MOLDADA IN-LOCO, 20MPA | B44: 30 | C44: M | E44: =D44*B44 -> 0 | G44: =F44*B44 -> 0 | H44: =D44+F44 -> 0 | I44: =H44*B44 -> 0 | J44: =K44*I44 -> 0 | K44: =$K$12 -> 0 | L44: =J44+I44 -> 0
A45: 4.3 VIGA BALDRAME
A46: .1 FUNDACAO RASA-BLOCO GRES 50X25X12 P/FIADA CI-AR1:6 | B46: 39 | C46: M | E46: =D46*B46 -> 0 | G46: =F46*B46 -> 0 | H46: =D46+F46 -> 0 | I46: =H46*B46 -> 0 | J46: =K46*I46 -> 0 | K46: =$K$12 -> 0 | L46: =J46+I46 -> 0
A47: .2 VIGA BALDRAME CONCR.ARMADO FCK15MPA-COMPLETA | B47: 2.33 | C47: M3 | E47: =D47*B47 -> 0 | G47: =F47*B47 -> 0 | H47: =D47+F47 -> 0 | I47: =H47*B47 -> 0 | J47: =K47*I47 -> 0 | K47: =$K$12 -> 0 | L47: =J47+I47 -> 0
A48: 4. 4. BLOCOS
A49: .1 LIMPEZA DO TERRENO | B49: 117 | C49: M2 | E49: =D49*B49 -> 0 | G49: =F49*B49 -> 0 | H49: =D49+F49 -> 0 | I49: =H49*B49 -> 0 | J49: =K49*I49 -> 0 | K49: =$K$12 -> 0 | L49: =J49+I49 -> 0
A50: .2 CONCRETO P/FUNDACAO-FCK20MPA-PREPARO E LANCAMENTO | B50: 6.28 | C50: M3 | E50: =D50*B50 -> 0 | G50: =F50*B50 -> 0 | H50: =D50+F50 -> 0 | I50: =H50*B50 -> 0 | J50: =K50*I50 -> 0 | K50: =$K$12 -> 0 | L50: =J50+I50 -> 0
A51: .3 ARMADURA CA-50 MEDIA 1/4 A 3/8-6,35 A 9,53MM | B51: 60 | C51: KG | E51: =D51*B51 -> 0 | G51: =F51*B51 -> 0 | H51: =D51+F51 -> 0 | I51: =H51*B51 -> 0 | J51: =K51*I51 -> 0 | K51: =$K$12 -> 0 | L51: =J51+I51 -> 0
A52: 7. ALVENARIA /VEDAÇÃO/DIVISÓRIA | M52: =SUM(L53:L54) -> 0
A53: 7. 1. ALVENARIAS
A54: .1 ALVENARIA TIJ.6FUROS-DE 10CM-J15MM CI-CA-AR 1:2:8 | B54: 31.21 | C54: M2 | E54: =D54*B54 -> 0 | G54: =F54*B54 -> 0 | H54: =D54+F54 -> 0 | I54: =H54*B54 -> 0 | J54: =K54*I54 -> 0 | K54: =$K$12 -> 0 | L54: =J54+I54 -> 0
A55: 8. ESQUADRIAS | M55: =SUM(L56:L58) -> 0
A56: 8. 6. RECUPERAÇÃO E/OU REUTULIZAÇÃO DE ESQUADRIAS
A57: .1 MONTAGEM TELHAMENTO DE VIDRO C/ NEOPRENE | B57: 35.7 | C57: M2 | E57: =D57*B57 -> 0 | G57: =F57*B57 -> 0 | H57: =D57+F57 -> 0 | I57: =H57*B57 -> 0 | J57: =K57*I57 -> 0 | K57: =$K$12 -> 0 | L57: =J57+I57 -> 0
A58: .2 MONTAGEM ESTRUTURA DE ALUMÍNIO/METALON | B58: 35.7 | C58: M2 | E58: =D58*B58 -> 0 | G58: =F58*B58 -> 0 | H58: =D58+F58 -> 0 | I58: =H58*B58 -> 0 | J58: =K58*I58 -> 0 | K58: =$K$12 -> 0 | L58: =J58+I58 -> 0
A59: 9. COBERTURA | M59: =SUM(L60:L77) -> 0
A60: 9. 1. ESTRUTURA
A61: 9. 1. 1. MADEIRA
A62: .1 INSTALAÇÃO DE PERGOLADO DE MADEIRA, EM EUCALIPTO OU PINUS TRATADO FIXADO COM CONCRETO SOBRE SOLO. | B62: 53 | C62: M2 | E62: =D62*B62 -> 0 | G62: =F62*B62 -> 0 | H62: =D62+F62 -> 0 | I62: =H62*B62 -> 0 | J62: =K62*I62 -> 0 | K62: =$K$12 -> 0 | L62: =J62+I62 -> 0
A63: 9. 1. ESTRUTURA | K63: =$K$12 -> 0
A64: 9. 1. 2. METÁLICA | K64: =$K$12 -> 0
A65: .1 FORNEC. E MONT. DE ESTRUTURA METÁLICA PARA ESTRUTURA PRINCIPAL DE EDIFICAÇÕES (PILARES, VIGAS E CONTRAVENTAMENTO). INCL. PINTURA | B65: 7860 | C65: KG | E65: =D65*B65 -> 0 | G65: =F65*B65 -> 0 | H65: =D65+F65 -> 0 | I65: =H65*B65 -> 0 | J65: =K65*I65 -> 0 | K65: =$K$12 -> 0 | L65: =J65+I65 -> 0
A66: 9. 2. TELHAMENTO | K66: =$K$12 -> 0
A67: 9. 2. 2. COM TELHAS METÁLICAS | K67: =$K$12 -> 0
A68: .1 COBERTURA COM TELHA ACO ZINCADO(ONDUL.OU TRAPEZ.) | B68: 553.43 | C68: M2 | E68: =D68*B68 -> 0 | G68: =F68*B68 -> 0 | H68: =D68+F68 -> 0 | I68: =H68*B68 -> 0 | J68: =K68*I68 -> 0 | K68: =$K$12 -> 0 | L68: =J68+I68 -> 0
A69: .2 TELHAS TERMOACÚSTICAS TP40 - EPS30MM | B69: 93.99 | C69: M² | E69: =D69*B69 -> 0 | G69: =F69*B69 -> 0 | H69: =D69+F69 -> 0 | I69: =H69*B69 -> 0 | J69: =K69*I69 -> 0 | K69: =$K$12 -> 0 | L69: =J69+I69 -> 0
A70: .3 CUMEEIRA PARA TELHA ACO ZINCADO ONDULADA/TRAPEZOID | B70: 75.7 | C70: M | E70: =D70*B70 -> 0 | G70: =F70*B70 -> 0 | H70: =D70+F70 -> 0 | I70: =H70*B70 -> 0 | J70: =K70*I70 -> 0 | K70: =$K$12 -> 0 | L70: =J70+I70 -> 0
A71: 9. 3. CALHAS | K71: =$K$12 -> 0
A72: 9. 3. 3. DE RINCÃO | K72: =$K$12 -> 0
A73: .1 ALGEROZ CHAPA GALVANIZADA CORTE 40-FIXO ALVENARIA | B73: 15.19 | C73: M | E73: =D73*B73 -> 0 | G73: =F73*B73 -> 0 | H73: =D73+F73 -> 0 | I73: =H73*B73 -> 0 | J73: =K73*I73 -> 0 | K73: =$K$12 -> 0 | L73: =J73+I73 -> 0
A74: 9. 4. RUFOS | K74: =$K$12 -> 0
A75: 9. 4. 2. PARA TELHAS METÁLICAS | K75: =$K$12 -> 0
A76: .1 RUFO CHAPA GALVANIZADA CORTE 50 | B76: 70.8 | C76: M
A77: .2 RUFO ACABAMENTO CHAPA GALVANIZADA CORTE 80 | B77: 10 | C77: M | E77: =D77*B77 -> 0 | G77: =F77*B77 -> 0 | H77: =D77+F77 -> 0 | I77: =H77*B77 -> 0 | J77: =K77*I77 -> 0 | K77: =$K$12 -> 0 | L77: =J77+I77 -> 0
A78: 10. INSTALAÇÕES ELÉTRICAS | M78: =SUM(L79:L108) -> 0
A79: 10. 1. INSTALAÇÕES DE BAIXA TENSÃO | K79: =$K$12 -> 0
A80: 10. 1. 1. LUMINÁRIAS | K80: =$K$12 -> 0
A81: .1 LUMINÁRIA DE SOBREPOR 120CM COM LAMPADAS LED T8 2x18W | B81: 39 | C81: UN | E81: =D81*B81 -> 0 | G81: =F81*B81 -> 0 | H81: =D81+F81 -> 0 | I81: =H81*B81 -> 0 | J81: =K81*I81 -> 0 | K81: =$K$12 -> 0 | L81: =J81+I81 -> 0
A82: .2 SUPORTE METÁLICO CHAPA DOBRADA 1"x1/8" | B82: 78 | C82: UN | E82: =D82*B82 -> 0 | G82: =F82*B82 -> 0 | H82: =D82+F82 -> 0 | I82: =H82*B82 -> 0 | J82: =K82*I82 -> 0 | K82: =$K$12 -> 0 | L82: =J82+I82 -> 0
A83: 10. 1. 2. INTERRUPTORES TOMADAS E ACESSÓRIOS | K83: =$K$12 -> 0
A84: .1 FOTOCELULA 1KW - 220V - COMPLETA | B84: 5 | C84: UN | E84: =D84*B84 -> 0 | G84: =F84*B84 -> 0 | H84: =D84+F84 -> 0 | I84: =H84*B84 -> 0 | J84: =K84*I84 -> 0 | K84: =$K$12 -> 0 | L84: =J84+I84 -> 0
A85: .2 PONTO ELETRICO INTERRUPTOR SIMPLES-INCL.CX E BAIX. | B85: 1 | C85: PT | E85: =D85*B85 -> 0 | G85: =F85*B85 -> 0 | H85: =D85+F85 -> 0 | I85: =H85*B85 -> 0 | J85: =K85*I85 -> 0 | K85: =$K$12 -> 0 | L85: =J85+I85 -> 0
A86: .3 CAIXA CONDULETE 20MM C/TOMADA 3P - 20A | B86: 6 | C86: UN | E86: =D86*B86 -> 0 | G86: =F86*B86 -> 0 | H86: =D86+F86 -> 0 | I86: =H86*B86 -> 0 | J86: =K86*I86 -> 0 | K86: =$K$12 -> 0 | L86: =J86+I86 -> 0
A87: 10. 1. 3. CONDUTORES | K87: =$K$12 -> 0
A88: .1 CABO MULTIPOLAR 3X2,5MM2 | B88: 42.33 | C88: M | E88: =D88*B88 -> 0 | G88: =F88*B88 -> 0 | H88: =D88+F88 -> 0 | I88: =H88*B88 -> 0 | J88: =K88*I88 -> 0 | K88: =$K$12 -> 0 | L88: =J88+I88 -> 0
A89: .2 CABO COBRE NU - 16MM2 | B89: 13.4 | C89: M | E89: =D89*B89 -> 0 | G89: =F89*B89 -> 0 | H89: =D89+F89 -> 0 | I89: =H89*B89 -> 0 | J89: =K89*I89 -> 0 | K89: =$K$12 -> 0 | L89: =J89+I89 -> 0
A90: .3 CABO UNIPOLAR, CL2, PVC 750V 1,5MM2 | B90: 570 | C90: M | E90: =D90*B90 -> 0 | G90: =F90*B90 -> 0 | H90: =D90+F90 -> 0 | I90: =H90*B90 -> 0 | J90: =K90*I90 -> 0 | K90: =$K$12 -> 0 | L90: =J90+I90 -> 0
A91: .4 CONECTOR GRAMPO METÁLICO TIPO OLHAL, PARA HASTE DE ATERRAMENTO D E 3/4'' E CABOS DE 10 A 50 MM2 - FORNECIMENTO E INSTALAÇÃO. | B91: 5 | C91: UN | E91: =D91*B91 -> 0 | G91: =F91*B91 -> 0 | H91: =D91+F91 -> 0 | I91: =H91*B91 -> 0 | J91: =K91*I91 -> 0 | K91: =$K$12 -> 0 | L91: =J91+I91 -> 0
A92: .5 HASTE DE ATERRAMENTO, DIÂMETRO 3/4", COM 3 METROS - FORNECIMENTO E INSTALAÇÃO. | B92: 5 | C92: UN | E92: =D92*B92 -> 0 | G92: =F92*B92 -> 0 | H92: =D92+F92 -> 0 | I92: =H92*B92 -> 0 | J92: =K92*I92 -> 0 | K92: =$K$12 -> 0 | L92: =J92+I92 -> 0
A93: 10. 1. 4. ELETRODUTOS E ACESSÓRIOS | K93: =$K$12 -> 0
A94: .1 ABRACADEIRA P/ELETRODUTO ACO ZINC. 1/2" | B94: 120 | C94: UN | E94: =D94*B94 -> 0 | G94: =F94*B94 -> 0 | H94: =D94+F94 -> 0 | I94: =H94*B94 -> 0 | J94: =K94*I94 -> 0 | K94: =$K$12 -> 0 | L94: =J94+I94 -> 0
A95: .2 CAIXA CONDULETE 20MM C/TAMPA CEGA | B95: 67 | C95: UN | E95: =D95*B95 -> 0 | G95: =F95*B95 -> 0 | H95: =D95+F95 -> 0 | I95: =H95*B95 -> 0 | J95: =K95*I95 -> 0 | K95: =$K$12 -> 0 | L95: =J95+I95 -> 0
A96: .3 ELETRODUTO CORRUGADO 1" | B96: 42 | C96: M | E96: =D96*B96 -> 0 | G96: =F96*B96 -> 0 | H96: =D96+F96 -> 0 | I96: =H96*B96 -> 0 | J96: =K96*I96 -> 0 | K96: =$K$12 -> 0 | L96: =J96+I96 -> 0
A97: .4 ELETRODUTO PESADO ESMALTADO 3/4" (19MM) | B97: 178 | C97: M | E97: =D97*B97 -> 0 | G97: =F97*B97 -> 0 | H97: =D97+F97 -> 0 | I97: =H97*B97 -> 0 | J97: =K97*I97 -> 0 | K97: =$K$12 -> 0 | L97: =J97+I97 -> 0
A98: .5 BUCHA ALUMÍNIO SILÍCIO P/ELETRODUTO 3/4" | B98: 144 | C98: UN | E98: =D98*B98 -> 0 | G98: =F98*B98 -> 0 | H98: =D98+F98 -> 0 | I98: =H98*B98 -> 0 | J98: =K98*I98 -> 0 | K98: =$K$12 -> 0 | L98: =J98+I98 -> 0
A99: 10. 1. 5. QUADROS DE CARGA | K99: =$K$12 -> 0
A100: .1 CAIXA METÁLICA QUADRO PAINEL DE COMANDO 30x30x20CM | B100: 4 | C100: UN | E100: =D100*B100 -> 0 | G100: =F100*B100 -> 0 | H100: =D100+F100 -> 0 | I100: =H100*B100 -> 0 | J100: =K100*I100 -> 0 | K100: =$K$12 -> 0 | L100: =J100+I100 -> 0
A101: 10. 1. 6. DISJUNTORES | K101: =$K$12 -> 0
A102: .1 INSTALAÇÃO DPS MONOPOLAR | B102: 5 | C102: UN | E102: =D102*B102 -> 0 | G102: =F102*B102 -> 0 | H102: =D102+F102 -> 0 | I102: =H102*B102 -> 0 | J102: =K102*I102 -> 0 | K102: =$K$12 -> 0 | L102: =J102+I102 -> 0
A103: .2 DISJUNTOR MONOPOLAR 10A | B103: 2 | C103: UN | E103: =D103*B103 -> 0 | G103: =F103*B103 -> 0 | H103: =D103+F103 -> 0 | I103: =H103*B103 -> 0 | J103: =K103*I103 -> 0 | K103: =$K$12 -> 0 | L103: =J103+I103 -> 0
A104: .3 DISJUNTOR BIPOLAR TIPO DR, CORRENTE NOM. DE 25A - FORNECIMENTO E INSTALAÇÃO | B104: 2 | C104: UN | E104: =D104*B104 -> 0 | G104: =F104*B104 -> 0 | H104: =D104+F104 -> 0 | I104: =H104*B104 -> 0 | J104: =K104*I104 -> 0 | K104: =$K$12 -> 0 | L104: =J104+I104 -> 0
A105: .4 DISPOSITIVO DPS CLASSE II, 1 POLO, T MAX DE 275 V, CORRENTE MAX 20KA (TIPO AC) | B105: 2 | C105: UN | E105: =D105*B105 -> 0 | G105: =F105*B105 -> 0 | H105: =D105+F105 -> 0 | I105: =H105*B105 -> 0 | J105: =K105*I105 -> 0 | K105: =$K$12 -> 0 | L105: =J105+I105 -> 0
A106: 10. 1. 7. CAIXAS DE PASSAGEM | K106: =$K$12 -> 0
...

Sheet Cronograma
A1: INCLUIR LOGOTIPO DA EMPRESA
A6: DADOS DA EMPRESA
A7: DADOS DA EMPRESA
A8: DADOS DA EMPRESA
A10: Obra: CSA 001/2026 – Cobertura dos passeios - Câmpus Sapiranga
A11: Endereço: Rua Carlos Gilberto Weis, número 155, próximo ao Km 25 da Rodovia RS-239
A12: Cliente: Instituto Federal Sul-Rio-Grandense | D12: Cidade: Sapiranga - RS
A14: ITEM | B14: 30 dias | D14: 60 dias | F14: 90 dias | H14: 120 dias | J14: 150 dias | L14: 180 dias | N14: TOTAL
B15: VALOR | C15: % | D15: VALOR | E15: % | F15: VALOR | G15: % | H15: VALOR | I15: % | J15: VALOR | K15: % | L15: VALOR | M15: % | N15: VALOR | O15: %
A16: =Orçamento!A16 -> 2. SERVIÇOS PRELIMINARES | B16: =N16*C16 -> 0 | C16: 0.93 | D16: =N16*E16 -> 0 | E16: 0 | F16: =N16*G16 -> 0 | G16: 0.07 | H16: =N16*I16 -> 0 | I16: 0 | J16: =N16*K16 -> 0 | K16: 0 | L16: =N16*M16 -> 0 | M16: 0 | N16: =Orçamento!M16 -> 0 | O16: =C16+E16+G16+I16+K16+M16 -> 1
A17: =Orçamento!A35 -> 3. MOVIMENTOS DE TERRA | B17: =N17*C17 -> 0 | C17: 0.9 | D17: =N17*E17 -> 0 | E17: 0.1 | F17: =N17*G17 -> 0 | G17: 0 | H17: =N17*I17 -> 0 | I17: 0 | J17: =N17*K17 -> 0 | K17: 0 | L17: =N17*M17 -> 0 | M17: 0 | N17: =Orçamento!M35 -> 0 | O17: =C17+E17+G17+I17+K17+M17 -> 1
A18: =Orçamento!A41 -> 4. FUNDAÇÕES | B18: =N18*C18 -> 0 | C18: 0.7 | D18: =N18*E18 -> 0 | E18: 0.2 | F18: =N18*G18 -> 0 | G18: 0.1 | H18: =N18*I18 -> 0 | I18: 0 | J18: =N18*K18 -> 0 | K18: 0 | L18: =N18*M18 -> 0 | M18: 0 | N18: =Orçamento!M41 -> 0 | O18: =C18+E18+G18+I18+K18+M18 -> 1
A19: =Orçamento!A52 -> 7. ALVENARIA /VEDAÇÃO/DIVISÓRIA | B19: =N19*C19 -> 0 | C19: 0 | D19: =N19*E19 -> 0 | E19: 0 | F19: =N19*G19 -> 0 | G19: 0 | H19: =N19*I19 -> 0 | I19: 0 | J19: =N19*K19 -> 0 | K19: 0.5 | L19: =N19*M19 -> 0 | M19: 0.5 | N19: =Orçamento!M52 -> 0 | O19: =C19+E19+G19+I19+K19+M19 -> 1
A20: =Orçamento!A55 -> 8. ESQUADRIAS | B20: =N20*C20 -> 0 | C20: 0 | D20: =N20*E20 -> 0 | E20: 0 | F20: =N20*G20 -> 0 | G20: 0 | H20: =N20*I20 -> 0 | I20: 0 | J20: =N20*K20 -> 0 | K20: 0 | L20: =N20*M20 -> 0 | M20: 1 | N20: =Orçamento!M55 -> 0 | O20: =C20+E20+G20+I20+K20+M20 -> 1
A21: =Orçamento!A59 -> 9. COBERTURA | B21: =N21*C21 -> 0 | C21: 0 | D21: =N21*E21 -> 0 | E21: 0.45 | F21: =N21*G21 -> 0 | G21: 0.25 | H21: =N21*I21 -> 0 | I21: 0.25 | J21: =N21*K21 -> 0 | K21: 0.05 | L21: =N21*M21 -> 0 | M21: 0 | N21: =Orçamento!M59 -> 0 | O21: =C21+E21+G21+I21+K21+M21 -> 1
A22: =Orçamento!A78 -> 10. INSTALAÇÕES ELÉTRICAS | B22: =N22*C22 -> 0 | C22: 0 | D22: =N22*E22 -> 0 | E22: 0 | F22: =N22*G22 -> 0 | G22: 0 | H22: =N22*I22 -> 0 | I22: 0.4 | J22: =N22*K22 -> 0 | K22: 0.45 | L22: =N22*M22 -> 0 | M22: 0.15 | N22: =Orçamento!M78 -> 0 | O22: =C22+E22+G22+I22+K22+M22 -> 1
A23: =Orçamento!A109 -> 12. INSTALAÇÕES HIDRÁULICAS E SANITÁRIAS | B23: =N23*C23 -> 0 | C23: 0 | D23: =N23*E23 -> 0 | E23: 0 | F23: =N23*G23 -> 0 | G23: 1 | H23: =N23*I23 -> 0 | I23: 0 | J23: =N23*K23 -> 0 | K23: 0 | L23: =N23*M23 -> 0 | M23: 0 | N23: =Orçamento!M109 -> 0 | O23: =C23+E23+G23+I23+K23+M23 -> 1
A24: =Orçamento!A125 -> 13. IMPERMEABILIZAÇÃO | B24: =N24*C24 -> 0 | C24: 0 | D24: =N24*E24 -> 0 | E24: 0.3 | F24: =N24*G24 -> 0 | G24: 0 | H24: =N24*I24 -> 0 | I24: 0.55 | J24: =N24*K24 -> 0 | K24: 0 | L24: =N24*M24 -> 0 | M24: 0.15 | N24: =Orçamento!M125 -> 0 | O24: =C24+E24+G24+I24+K24+M24 -> 1
A25: =Orçamento!A130 -> 15. REVESTIMENTOS | B25: =N25*C25 -> 0 | C25: 0 | D25: =N25*E25 -> 0 | E25: 0 | F25: =N25*G25 -> 0 | G25: 0 | H25: =N25*I25 -> 0 | I25: 0 | J25: =N25*K25 -> 0 | K25: 0.4 | L25: =N25*M25 -> 0 | M25: 0.6 | N25: =Orçamento!M130 -> 0 | O25: =C25+E25+G25+I25+K25+M25 -> 1
A26: =Orçamento!A135 -> 17. PINTURAS | B26: =N26*C26 -> 0 | C26: 0 | D26: =N26*E26 -> 0 | E26: 0 | F26: =N26*G26 -> 0 | G26: 0 | H26: =N26*I26 -> 0 | I26: 0 | J26: =N26*K26 -> 0 | K26: 0 | L26: =N26*M26 -> 0 | M26: 1 | N26: =Orçamento!M135 -> 0 | O26: =C26+E26+G26+I26+K26+M26 -> 1
A27: =Orçamento!A140 -> 18. SERVIÇOS COMPLEMENTARES | B27: =N27*C27 -> 0 | C27: 0.17 | D27: =N27*E27 -> 0 | E27: 0.17 | F27: =N27*G27 -> 0 | G27: 0.17 | H27: =N27*I27 -> 0 | I27: 0.17 | J27: =N27*K27 -> 0 | K27: 0.17 | L27: =N27*M27 -> 0 | M27: 0.15 | N27: =Orçamento!M140 -> 0 | O27: =C27+E27+G27+I27+K27+M27 -> 1
A28: =Orçamento!A143 -> 19. PAISAGISMO E URBANIZAÇÃO | B28: =N28*C28 -> 0 | C28: 0 | D28: =N28*E28 -> 0 | E28: 0 | F28: =N28*G28 -> 0 | G28: 1 | H28: =N28*I28 -> 0 | I28: 0 | J28: =N28*K28 -> 0 | K28: 0 | L28: =N28*M28 -> 0 | M28: 0 | N28: =Orçamento!M143 -> 0 | O28: =C28+E28+G28+I28+K28+M28 -> 1
A29: =Orçamento!A153 -> 21. GERENCIAMENTO DE OBRAS/FISCALIZAÇÃO | B29: =N29*C29 -> 0 | C29: 0.1675 | D29: =N29*E29 -> 0 | E29: 0.1675 | F29: =N29*G29 -> 0 | G29: 0.1675 | H29: =N29*I29 -> 0 | I29: 0.1675 | J29: =N29*K29 -> 0 | K29: 0.165 | L29: =N29*M29 -> 0 | M29: 0.165 | N29: =Orçamento!M153 -> 0 | O29: =C29+E29+G29+I29+K29+M29 -> 1
A30: =Orçamento!A157 -> 22. FORRO | B30: =N30*C30 -> 0 | C30: 0 | D30: =N30*E30 -> 0 | E30: 0 | F30: =N30*G30 -> 0 | G30: 0 | H30: =N30*I30 -> 0 | I30: 1 | J30: =N30*K30 -> 0 | K30: 0 | L30: =N30*M30 -> 0 | M30: 0 | N30: =Orçamento!M157 -> 0 | O30: =C30+E30+G30+I30+K30+M30 -> 1
A31: =Orçamento!A161 -> 24. PISO | B31: =N31*C31 -> 0 | C31: 0 | D31: =N31*E31 -> 0 | E31: 0.6 | F31: =N31*G31 -> 0 | G31: 0 | H31: =N31*I31 -> 0 | I31: 0 | J31: =N31*K31 -> 0 | K31: 0 | L31: =N31*M31 -> 0 | M31: 0.4 | N31: =Orçamento!M161 -> 0 | O31: =C31+E31+G31+I31+K31+M31 -> 1
A32: Total da Etapa | B32: =SUM(B16:B31) -> 0 | C32: =(B32*100%)/$N$32 -> #DIV/0! | D32: =SUM(D16:D31) -> 0 | E32: =(D32*100%)/$N$32 -> #DIV/0! | F32: =SUM(F16:F31) -> 0 | G32: =(F32*100%)/$N$32 -> #DIV/0! | H32: =SUM(H16:H31) -> 0 | I32: =(H32*100%)/$N$32 -> #DIV/0! | J32: =SUM(J16:J31) -> 0 | K32: =(J32*100%)/$N$32 -> #DIV/0! | L32: =SUM(L16:L31) -> 0 | M32: =(L32*100%)/$N$32 -> #DIV/0! | N32: =SUM(N16:N31) -> 0 | O32: =G32+E32+C32+I32+K32+M32 -> #DIV/0!
A33: Total Acumulado | B33: =B32 -> 0 | C33: =(B33*100%)/$N$32 -> #DIV/0! | D33: =D32+B33 -> 0 | E33: =C33+E32 -> #DIV/0! | F33: =F32+D33 -> 0 | G33: =E33+G32 -> #DIV/0! | H33: =H32+F33 -> 0 | I33: =G33+I32 -> #DIV/0! | J33: =J32+H33 -> 0 | K33: =I33+K32 -> #DIV/0! | L33: =L32+J33 -> 0 | M33: =K33+M32 -> #DIV/0!
B37: Local e Data
C43: Nome do Profissional Responsável
C44: Especificação do Cargo/função
C45: N° do CREA ou CAU
